 Dungeon Crawl Stone Soup version 0.29-a0-294-g83ea962da3 (webtiles) character file.

Game seed: 13639784827444296862

3103 epen the Covert (level 9, -2/71 HPs)
             Began as a Gnoll Brigand on Mar 18, 2022.
             Was a Believer of Cheibriados.
             Slain by an unseen horror (5 damage)
             ... on level 7 of the Dungeon.
             The game lasted 00:10:04 (7209 turns).

epen the Covert (Gnoll Brigand)                     Turns: 7209, Time: 00:10:05

Health: -2/71      AC:  5    Str: 24 (25) XL:     9   Next: 90%
Magic:  16/16      EV: 16    Int: 14 (17) God:    Cheibriados [**....]
Gold:   392        SH:  0    Dex: 23 (25) Spells: 17/17 levels left

rFire   . . .      SeeInvis .   t - +1 short sword (venom)
rCold   . . .      Faith    .   (no shield)
rNeg    . . .      Spirit   .   b - +0 robe
rPois   .          Reflect  .   g - +0 helmet
rElec   .          Harm     .   q - scarf {repulsion}
rCorr   .          Rampage  .   w - +1 Delatra's gloves {ID++}
Will    .....                   (no boots)
Stlth   +++++.....              u - amulet of magic regeneration
HPRegen 0.21/turn               z - +6 ring of strength
MPRegen 0.55/turn               (no ring)

@: attractive, repel missiles, very slow
A: fangs 1, strong nose, distributed training, agile 1, strong 1
a: Renounce Religion, Bend Time


You were on level 7 of the Dungeon.
You worshipped Cheibriados.
Cheibriados was pleased with you.
You visited 2 branches of the dungeon, and saw 8 of its levels.
You also visited: Sewer.

You collected 392 gold pieces.

Inventory:

Hand Weapons
 a - a +2 dagger
 t - a +1 short sword of venom (weapon)
Missiles
 d - 13 poisoned darts (quivered)
 e - 3 curare-tipped darts
 L - 2 atropa-tipped darts
Armour
 b - a +0 robe (worn)
 c - a +0 cloak
 g - a +0 helmet (worn)
 p - a +0 pair of gloves
 q - a scarf of repulsion (worn)
 w - the +1 Delatra's gloves (worn) {ID++}
   (You found it on level 3 of the Dungeon)

   It heals its wearer when they drink unknown potions.
   It restores its wearer's MP when they read unknown scrolls.
 M - a +2 hat
Jewellery
 u - an amulet of magic regeneration (around neck)
 z - a +6 ring of strength (left hand)
 A - a ring of ice
 H - a ring of magical power
Wands
 h - a wand of iceblast (10)
 I - a wand of acid (11)
 J - a wand of mindburst (16)
Scrolls
 f - 2 scrolls of teleportation
 j - 3 scrolls of vulnerability
 k - 8 scrolls of identify
 v - a scroll of amnesia {unknown}
 y - a scroll of enchant weapon {unknown}
 E - a scroll of fear {unknown}
 F - a scroll of enchant armour {unknown}
 G - a scroll of silence
 K - 2 scrolls of fog {unknown}
Potions
 i - 4 potions of curing
 l - a potion of cancellation
 m - 3 potions of brilliance
 n - 2 potions of flight
 o - 2 potions of might
 r - 4 potions of haste
 x - a potion of heal wounds
 B - a potion of mutation
 C - a potion of degeneration
 D - a potion of attraction


   Skills:
 + Level 6.6 Fighting
 + Level 6.6 Short Blades
 + Level 4.7 Long Blades
 + Level 4.7 Axes
 + Level 4.7 Maces & Flails
 + Level 4.7 Polearms
 + Level 4.7 Staves
 + Level 4.7 Slings
 + Level 4.7 Bows
 + Level 4.7 Crossbows
 + Level 6.6 Throwing
 + Level 4.7 Armour
 + Level 5.4 Dodging
 + Level 9.2 Stealth
 + Level 4.7 Shields
 + Level 4.7 Unarmed Combat
 + Level 4.7 Spellcasting
 + Level 3.9 Conjurations
 + Level 3.9 Hexes
 + Level 3.9 Summonings
 + Level 3.9 Necromancy
 + Level 3.9 Translocations
 + Level 3.9 Transmutations
 + Level 3.9 Fire Magic
 + Level 3.9 Ice Magic
 + Level 3.9 Air Magic
 + Level 3.9 Earth Magic
 + Level 3.9 Poison Magic
 + Level 5.1 Invocations
 + Level 4.7 Evocations


You had 17 spell levels left.
You didn't know any spells.
Your spell library was empty.

Dungeon Overview and Level Annotations

Branches:
Dungeon (7/15)             Temple (1/1) D:4           Sewer (visited)

Altars:
Cheibriados
Dithmenos
Fedhas
Gozag
Kikubaaqudgha
Makhleb
Ru
Xom
Zin
The Shining One

Shops:
D:3 *   D:5 (   D:7 [


Innate Abilities, Weirdness & Mutations

You have very sharp teeth.
Your uncanny sense of smell can sniff out nearby items.
Your experience applies equally to all skills.
You are agile. (Dex +2)
Your muscles are strong. (Str +2)


Message History

Press ? for a list of commands and other information.
Throw: 3 darts (atropa)
Press: ? - help, Shift-Dir - straight line You throw an atropa-tipped dart.
Deactivating autopickup; reactivate with Ctrl-A.
You closely miss something. Your bite misses something.
Something barely misses you.
You miss something. Something hits you.
You swing at nothing.
Something hits you!
You swing at nothing.
You swing at nothing.
You puncture something! Something hits you.
* * * LOW HITPOINT WARNING * * *
You miss something. Something hits you but does no damage. Something hits you!
* * * LOW HITPOINT WARNING * * *
You hit something. Something hits you!
* * * LOW HITPOINT WARNING * * *
It was a potion of attraction.
You feel attractive to monsters.
The energy of discovery flows from your fingertips!
You feel much better. Something hits you. Something hits you!
* * * LOW HITPOINT WARNING * * *
You closely miss something. You bite something. Something hits you!
* * * LOW HITPOINT WARNING * * *
Something is attracted toward you.
You feel much better. Something hits you but does no damage.
You hit something but do no damage. You bite something.
Something hits you but does no damage. Something hits you.
You barely miss something. Something hits you but does no damage.
Something hits you!
You closely miss something. You bite something. Something hits you.
You closely miss something. Something hits you!
* * * LOW HITPOINT WARNING * * *
You hit something but do no damage. Something hits you.
* * * LOW HITPOINT WARNING * * *
Something is attracted toward you.
You hit something but do no damage. You bite something. Something hits you!
* * * LOW HITPOINT WARNING * * *
Something hits you.
You die...

# #.# ####.# #.# ### # #
#.###.##.###.####.### #
###.##........[..##[[.### #
......<....###..##......### #
###.##...##.....##..#.....#
###.##..###.##..#.(.###..###
........###.##.##§.###..)'.###
##.####.##...###.....#..##...###
##.# #.#..#.#.#@#......#......#
##.# #.#..<##...###...##..#..##
#.# #.#.#.#......###.#......#
#.# #....##..#.....#####)..##
#.# ###..#...###.....#)#'#.# #.#
##.##..# ∆ ##.$##...### ##.#
#..#... ∆∆∆ ..#...##... ∆ ##.##
#.##..# ∆ ##'#.#...#
..#.####.#... #..###..#


There were no monsters in sight!

Vanquished Creatures
  Pikel (D:6)
  Sigmund (D:6)
  A shadow (D:7)
  Eustachio (D:5)
  A wyvern (D:7)
  A steam dragon (D:7)
  Menkaure (D:7)
  2 water moccasins (D:7)
  A sky beast (D:7)
  A black bear (D:5)
  2 ogres
  2 centaurs (D:7)
  A necrophage (D:5)
  A scorpion (D:4)
  6 killer bees (D:7)
  4 hounds
  A jelly (D:4)
  A gnoll shaman (D:7)
  5 iguanas
  6 orc wizards
  15 adders
  4 river rats (Sewer)
  A shadow imp (D:6)
  2 ufetubi (D:7)
  17 orcs
  8 ball pythons
  8 bats
  7 endoplasms
  8 giant cockroaches
  A goblin (D:1)
  7 hobgoblins
  3 jackals (D:1)
  6 quokkas
  8 frilled lizards
  8 kobolds
  10 rats
153 creatures vanquished.

Notes
Turn   | Place    | Note
-------+----------+-------------------------------------------
     0 | D:1      | epen the Gnoll Brigand began the quest for the Orb.
     0 | D:1      | Reached XP level 1. HP: 20/20 MP: 1/1
   211 | D:1      | Reached XP level 2. HP: 23/26 MP: 2/2
   915 | D:1      | Reached XP level 3. HP: 31/31 MP: 3/3
  1019 | D:2      | HP: 1/31 [poisoned by an adder]
  1334 | D:2      | Reached skill level 1 in Invocations
  1461 | D:2      | Reached skill level 1 in Long Blades
  1461 | D:2      | Reached skill level 1 in Axes
  1461 | D:2      | Reached skill level 1 in Maces & Flails
  1461 | D:2      | Reached skill level 1 in Polearms
  1461 | D:2      | Reached skill level 1 in Staves
  1461 | D:2      | Reached skill level 1 in Slings
  1461 | D:2      | Reached skill level 1 in Bows
  1461 | D:2      | Reached skill level 1 in Crossbows
  1461 | D:2      | Reached skill level 1 in Armour
  1461 | D:2      | Reached skill level 1 in Shields
  1461 | D:2      | Reached skill level 1 in Unarmed Combat
  1461 | D:2      | Reached skill level 1 in Spellcasting
  1461 | D:2      | Reached skill level 1 in Evocations
  1505 | D:2      | Reached XP level 4. HP: 21/38 MP: 5/5
  1979 | D:2      | Reached skill level 1 in Conjurations
  1979 | D:2      | Reached skill level 1 in Hexes
  1979 | D:2      | Reached skill level 1 in Summonings
  1979 | D:2      | Reached skill level 1 in Necromancy
  1979 | D:2      | Reached skill level 1 in Translocations
  1979 | D:2      | Reached skill level 1 in Transmutations
  1979 | D:2      | Reached skill level 1 in Fire Magic
  1979 | D:2      | Reached skill level 1 in Ice Magic
  1979 | D:2      | Reached skill level 1 in Air Magic
  1979 | D:2      | Reached skill level 1 in Earth Magic
  1979 | D:2      | Reached skill level 1 in Poison Magic
  2278 | D:3      | Reached XP level 5. HP: 34/43 MP: 6/6
  2907 | D:3      | You fall into a shaft and drop 2 floors!
  2907 | D:5      | Entered Level 5 of the Dungeon
  3019 | D:5      | Reached skill level 8 in Stealth
  3063 | D:4      | Reached XP level 6. HP: 50/50 MP: 8/8
  3100 | D:3      | Found Xeudujej's Assorted Antiques.
  3133 | D:3      | Found the +1 Delatra's gloves {ID++}
  3160 | D:3      | epen: ??delatra
  3160 | D:3      | beem: delatra's gloves[1/1]: +1 unrand gloves that apply
                  | !hw when you drink an unknown potion and !magic when you
                  | read an unknown scroll. More common early-game. New in
                  | 0.28.
  3652 | D:4      | Reached skill level 5 in Fighting
  3652 | D:4      | Reached skill level 5 in Short Blades
  3652 | D:4      | Reached skill level 5 in Throwing
  3908 | D:4      | epen: !hw
  3950 | D:4      | Found a staircase to the Ecumenical Temple.
  3963 | Temple   | Entered the Ecumenical Temple
  3969 | Temple   | Became a worshipper of Cheibriados the Contemplative
  4315 | D:5      | Noticed Eustachio
  4325 | D:5      | Killed Eustachio
  4326 | D:5      | Reached XP level 7. HP: 55/56 MP: 10/10
  4423 | D:5      | Found Weuth's Weapon Shop.
  4840 | D:6      | Found a glowing drain.
  4851 | Sewer    | Entered a sewer
  4873 | Sewer    | Reached * piety under Cheibriados
  5333 | D:6      | Reached XP level 8. HP: 42/63 MP: 12/12
  5448 | D:6      | Noticed Sigmund
  5450 | D:6      | Noticed Pikel
  5468 | D:6      | Killed Pikel
  5477 | D:6      | Killed Sigmund
  6055 | D:7      | Reached XP level 9. HP: 69/69 MP: 14/14
  6076 | D:7      | Reached ** piety under Cheibriados
  6450 | D:7      | Found a glowing silver altar of Zin.
  6532 | D:7      | Reached skill level 5 in Dodging
  6635 | D:7      | Found Biceij's Armour Shoppe.
  6674 | D:7      | Noticed Menkaure
  6685 | D:7      | Killed Menkaure
  6686 | D:7      | Reached skill level 9 in Stealth
  6914 | D:7      | Reached skill level 5 in Invocations
  7183 | D:7      | HP: 3/71 [something (6)]
  7184 | D:7      | Gained mutation: You are agile. (Dex +2) [potion of
                  | mutation]
  7184 | D:7      | Gained mutation: Your muscles are strong. (Str +2) [potion
                  | of mutation]
  7200 | D:7      | HP: 3/71 [something (9)]
  7209 | D:7      | HP: 3/71 [something (9)]
  7209 | D:7      | Slain by an unseen horror

Illustrated notes

Levels and vault maps discovered:
D:1:      dpeg_arrival_radiant, layout_loops_ring
D:2:      layout_loops_ring
D:3:      layout_loops_ring, serial_shops, shop, grunt_decor_fettered,
          minmay_misc_feat_chi, pf_guarded_unrand_delatra
D:4:      layout_cave_pools, minmay_temple_entry_butterflies
D:5:      layout_rooms, serial_shops, nicolae_shop_behind_doors, uniq_eustachio
D:6:      layout_rooms, gup_sewer_entry_pipe, uniq_pikel, uniq_sigmund
D:7:      minmay_slanted_spiral_squares, layout_loops_ring, kennysheep_mini,
          serial_shops, shop_fountains, uniq_menkaure
Temple:   compressed_dpeg_triangle_lava_temple

Skill      XL: |  1  2  3  4  5  6  7  8  9 |
---------------+----------------------------+-----
Invocations    | 1 2 3 4 5 |  5.1
Long Blades    | 1 2 3 4 |  4.7
Axes           | 1 2 3 4 |  4.7
Maces & Flails | 1 2 3 4 |  4.7
Polearms       | 1 2 3 4 |  4.7
Staves         | 1 2 3 4 |  4.7
Slings         | 1 2 3 4 |  4.7
Bows           | 1 2 3 4 |  4.7
Crossbows      | 1 2 3 4 |  4.7
Armour         | 1 2 3 4 |  4.7
Shields        | 1 2 3 4 |  4.7
Unarmed Combat | 1 2 3 4 |  4.7
Spellcasting   | 1 2 3 4 |  4.7
Evocations     | 1 2 3 4 |  4.7
Conjurations   | 1 2 3 |  3.9
Hexes          | 1 2 3 |  3.9
Summonings     | 1 2 3 |  3.9
Necromancy     | 1 2 3 |  3.9
Translocations | 1 2 3 |  3.9
Transmutations | 1 2 3 |  3.9
Fire Magic     | 1 2 3 |  3.9
Ice Magic      | 1 2 3 |  3.9
Air Magic      | 1 2 3 |  3.9
Earth Magic    | 1 2 3 |  3.9
Poison Magic   | 1 2 3 |  3.9
Dodging        | 3 4 5 |  5.4
Stealth        | 8 9 |  9.2
Fighting       | 5 6 |  6.6
Short Blades   | 5 6 |  6.6
Throwing       | 5 6 |  6.6

Action                   |  1- 3 |  4- 6 |  7- 9 || total
-------------------------+-------+-------+-------++-------
Melee: Dagger            |   104 |   102 |       ||   206
       Bite              |    13 |    19 |    33 ||    65
       Punch             |     1 |     2 |     9 ||    12
       Short sword       |       |    80 |   291 ||   371
Throw: Dart              |       |       |     5 ||     5
  Use: Scroll            |       |     5 |     1 ||     6
       Potion            |       |     1 |     9 ||    10
 Stab: Sleeping          |    10 |    15 |    20 ||    45
       Distracted        |     1 |       |       ||     1
       Invisible         |       |       |     1 ||     1
Armor: Robe              |    27 |    35 |    62 ||   124
Dodge: Dodged            |    55 |    99 |   194 ||   348
       Repelled          |       |       |     1 ||     1

Table legend: (Time is in decaauts)
 A = Elapsed time spent in this place.
 B = Non-inter-level travel time spent in this place.
 C = Inter-level travel time spent in this place.
 D = Time resting spent in this place.
 E = Time spent auto-exploring this place.
 F = Levels seen in this place.
 G = Mean time per level.
                   A        B        C        D        E       F      G
               +--------+--------+--------+--------+--------+-----+--------+
         Total |   7813 |   7699 |    114 |    832 |   5418 |   9 |  868.1 |
       Dungeon |   7193 |   7084 |    109 |    832 |   5026 |   7 | 1027.6 |
        Temple |     12 |      7 |      5 |      0 |      0 |   1 |   12.0 |
         Sewer |    606 |    606 |      0 |      0 |    391 |   1 |  606.0 |
               +--------+--------+--------+--------+--------+-----+--------+

Top non-repeatable levels by time:
     D:7: 1388 daAuts
     D:2: 1161 daAuts
     D:3: 1127 daAuts
     D:1: 982 daAuts
     D:6: 961 daAuts
     D:4: 861 daAuts
     D:5: 711 daAuts
   Sewer: 606 daAuts
  Temple: 12 daAuts
